 Dungeon Crawl Stone Soup version 0.31-a0-977-gc230f8ef24 (webtiles) character file.

Game seed: 5475956627827269988

137 Dordric the Changeling (level 5, 0/32 HPs)
             Began as a Vampire Shapeshifter on Oct 30, 2023.
             Slain by a bullfrog (6 damage)
             ... in a sewer.
             The game lasted 00:05:34 (2954 turns).

Dordric the Changeling (Vampire Shapeshifter)       Turns: 2954, Time: 00:05:34

Health: 0/32       AC:  2    Str: 13 (15) XL:     5   Next: 0%
Magic:  5/5        EV: 12    Int: 12      God:
Gold:   73         SH:  0    Dex: 13 (14) Spells: 4/4 levels left

rFire   . .          .
                       - Unarmed
rCold   . . .        (no shield)
rNeg    . . .        a - +0 animal skin
rPois   .            (helmet currently unavailable)
rElec   .            (cloak currently unavailable)
rCorr   .            (gloves currently unavailable)
SInv    +            (boots currently unavailable)
Will    .....        (no amulet)
Stlth   +            (no ring)
HPRegen 0.45/turn    (no ring)
MPRegen 0.09/turn

%: no passive effects
@: beast-form, healing quickly
A: beast (slay +3), alive, fangs 3, see invisible, vampiric 2, [frail 1]
a: Exsanguinate, Begin Untransformation


You were in a sewer.
You were a hulking beast.
You visited 1 branch of the dungeon, and saw 4 of its levels.
You also visited: Sewer.

You collected 73 gold pieces.

Inventory:

Armour
 a - a +0 animal skin (worn)
 s - a +0 pair of gloves
 t - a +2 pair of boots
Jewellery
 l - a ring of poison resistance
 m - an amulet of faith
Talismans
 c - a beast talisman (active)
 d - a flux talisman
 f - a blade talisman
 r - a maw talisman
Scrolls
 h - a scroll of vulnerability {unknown}
 o - a scroll of summoning {unknown}
 p - 2 scrolls of immolation
 q - a scroll of amnesia {unknown}
Potions
 b - a potion of lignification
 e - 2 potions of resistance {unknown}
 g - 2 potions of ambrosia {unknown}
 j - 2 potions of enlightenment {unknown}
 k - a potion of degeneration {unknown}
 n - 4 potions of curing {unknown}


   Skills:
 - Level 0.8 Fighting
 - Level 2.1 Dodging
 - Level 3.2 Unarmed Combat
 + Level 5.9 Shapeshifting


You had 4 spell levels left.
You didn't know any spells.
Your spell library contained the following spells:

 Spells                   Type           Power      Damage    Failure   Level
 Slow                     Hex            0%         N/A       32%         1
 Confusing Touch          Hex            0%         N/A       69%         3
 Sigil of Binding         Hex            0%         N/A       69%         3
 Stone Arrow              Conj/Erth      0%         3d7       69%         3
 Vampiric Draining        Necr           0%         2d6       69%         3
 Animate Armour           Summ/Erth      0%         N/A       97%         4
 Lehudib's Crystal Spear  Conj/Erth      0%         10d2      100%        8


Dungeon Overview and Level Annotations

Branches:
Dungeon (4/15)              Sewer (1/1)
 Temple: D:4-7

Altars:
Uskayaw


Innate Abilities, Weirdness & Mutations

You are a hulking beast.
Your limbs bulge with bestial killing power. (Slay +3)
Your natural rate of healing is accelerated.
You have razor-sharp teeth.
You have supernaturally acute eyesight. (SInv)
You are afflicted with vampirism and can become a bat while bloodless.
[You are frail. (-10% HP)]


Message History

The quokka is moderately wounded.
The quokka splashes around in the water.
You hit the quokka.
The quokka is severely wounded.
The quokka bites you. x2
You hit the quokka.
You kill the quokka!
You have reached level 5!
You feel agile.
A bullfrog comes into view.
You enter the shallow water.
Moving in this stuff is going to be slow.
The bullfrog croaks.
A bullfrog comes into view.
The bullfrog closely misses you.
You hit the bullfrog.
The bullfrog is lightly wounded.
The bullfrog hits you!
You are too injured to fight recklessly!
You are too injured to fight recklessly!
You are too injured to fight recklessly!
You are too injured to fight recklessly!
You are too injured to fight recklessly!
You closely miss the bullfrog.
The bullfrog is lightly wounded.
The bullfrog hits you. The bullfrog closely misses you.
You barely miss the bullfrog.
The bullfrog is lightly wounded.
The bullfrog barely misses you.
You closely miss the bullfrog.
The bullfrog is lightly wounded.
The bullfrog closely misses you. The bullfrog hits you.
* * * LOW HITPOINT WARNING * * *
You closely miss the bullfrog.
The bullfrog is lightly wounded.
The bullfrog barely misses you. The bullfrog closely misses you. x2
You barely miss the bullfrog.
The bullfrog is lightly wounded.
The bullfrog hits you.
You die...

#.~~≈≈≈≈≈≈≈≈≈≈≈≈≈≈≈≈≈≈≈≈≈≈≈≈≈≈≈
#.~≈≈~~~~≈≈≈~~≈~~~~~~~~~~~~~~~~
#.~≈~~..~†~~≈≈~≈~~..........~~~
#.~≈~.~≈≈≈≈≈~~≈≈≈≈≈≈≈~#######.~
#~~≈~.~≈≈≈≈≈≈≈≈≈≈≈≈≈~≈≈≈# #~~
#~~≈~~~≈≈≈≈~~.~≈≈≈≈≈≈~≈≈# #.~
#.~≈~~~≈≈≈~~...~~≈≈≈≈≈≈≈≈# #.~
#~~≈~~≈≈≈~≈≈.~~.|~≈≈≈≈≈≈≈# #.~
#~~≈~~†≈~≈≈...hF$|.≈≈≈≈≈≈# #~~
#~~≈~≈≈~≈≈.~~.~F(..~≈≈≈≈≈# #.~
#.~≈≈≈≈≈≈≈...~≈≈.~~≈≈≈≈≈≈# #~~
#~~≈≈≈#≈≈~~∩.≈≈≈≈≈≈≈≈≈≈≈## #.~
#~~≈≈≈##≈≈≈~≈≈≈≈≈≈≈≈≈≈≈## #~~
#.~≈≈≈####≈≈≈≈≈≈≈≈≈≈≈≈ #~~
#††≈≈~# ####≈≈≈≈≈≈### #.~
#.~≈~.# ######## #.~ #.~≈≈~#
#.~


You could see 2 bullfrogs.

Vanquished Creatures
  4 adders
  2 worms (D:2)
  An orc (D:3)
  14 ball pythons
  6 bats
  4 endoplasms
  13 giant cockroaches
  3 goblins
  4 hobgoblins
  9 quokkas
  15 frilled lizards
  8 kobolds
  4 rats
87 creatures vanquished.

Notes
Turn   | Place    | Note
-------+----------+-------------------------------------------
     0 | D:1      | Dordric the Vampire Shapeshifter began the quest for the
                  | Orb.
     0 | D:1      | Reached XP level 1. HP: 14/14 MP: 1/1
   130 | D:1      | Reached XP level 2. HP: 20/20 MP: 2/2
   218 | D:1      | Reached skill level 4 in Shapeshifting
   309 | D:1      | Found a faded altar of an unknown god.
   787 | D:2      | Gained mutation: You are afflicted with vampirism and can
                  | become a bat while bloodless. [Vampire growth]
   787 | D:2      | Reached XP level 3. HP: 25/25 MP: 3/3
  1256 | D:2      | Reached skill level 5 in Shapeshifting
  1558 | D:2      | Reached XP level 4. HP: 8/27 MP: 4/4
  1804 | D:3      | Found a hide-covered altar of Uskayaw.
  2574 | D:4      | Found a glowing drain.
  2591 | Sewer    | Entered a sewer
  2946 | Sewer    | Reached XP level 5. HP: 20/32 MP: 5/5
  2954 | Sewer    | Slain by a bullfrog

Illustrated notes

Levels and vault maps discovered:
D:1:      evilmike_arrival_crescent, layout_basic,
          nicolae_ecumenical_snake_handling
D:2:      layout_loops_corners
D:3:      layout_loops_ring, mainiacjoe_overflow_six_doors_small,
          minmay_misc_feat_ornament
D:4:      minmay_recursive_quarters, layout_basic, kennysheep_little_box,
          cheibrodos_sewer_entry_sluice, ebering_ghost_disaster_area,
          uniq_pikel, uniq_blork_the_orc
Sewer:    sewer_frog_island_01

Skill      XL: |  1  2  3 |
---------------+----------+-----
Shapeshifting  | 4 5 |  5.9
Fighting       | |  0.8
Dodging        | |  2.1
Unarmed Combat | |  3.2

Action                     |  1- 3 |  4- 6 || total
---------------------------+-------+-------++-------
  Melee: Unarmed           |   148 |   117 ||   265
         Bite              |    10 |     4 ||    14
         Punch             |     2 |     1 ||     3
Ability: Bat Form          |     1 |       ||     1
         Exsanguinate      |     1 |       ||     1
         Revivify          |     1 |       ||     1
    Use: Scroll            |       |     3 ||     3
   Stab: Sleeping          |     3 |       ||     3
 Armour: Animal skin       |    60 |    68 ||   128
         Skin              |     4 |       ||     4
  Dodge: Dodged            |    95 |    69 ||   164
   Form: Flux              |     1 |       ||     1
         Beast             |       |     1 ||     1

Table legend: (Time is in decaauts)
 A = Elapsed time spent in this place.
 B = Non-inter-level travel time spent in this place.
 C = Inter-level travel time spent in this place.
 D = Time resting spent in this place.
 E = Time spent auto-exploring this place.
 F = Levels seen in this place.
 G = Mean time per level.
                   A        B        C        D        E       F      G
               +--------+--------+--------+--------+--------+-----+--------+
         Total |   2931 |   2851 |     80 |     49 |   2083 |   5 |  586.2 |
       Dungeon |   2535 |   2455 |     80 |      2 |   1968 |   4 |  633.8 |
         Sewer |    396 |    396 |      0 |     47 |    115 |   1 |  396.0 |
               +--------+--------+--------+--------+--------+-----+--------+

Top non-repeatable levels by time:
     D:2: 940 daAuts
     D:3: 757 daAuts
     D:1: 735 daAuts
   Sewer: 396 daAuts
     D:4: 102 daAuts
